TOP OF THE 1ST |
Salt Lake Bees batting - Pitching for Nashville Sounds : LHP Kevin Clark
|
Pitching: LHP Kevin Clark
|
|
Batting: LHB Justin Alexander
|
0-0: Hit by Pitch
|
Batting: RHB Kian-tat Chen
|
0-0: Fly out, F8 (Flyball, 89D, EV 90.6 MPH)
|
Batting: RHB Ryan Munro
|
0-0: Called Strike 0-1: Ball 1-1: SINGLE (Line Drive, 4M, EV 97.5 MPH) Justin Alexander to second
|
Batting: RHB Melvin Gomez
|
0-0: Foul Ball, location: 2F 0-1: Swinging Strike 0-2: Ball 1-2: Fielders Choice at 2nd, 6-4 (Groundball, 6, EV 81.9 MPH) Justin Alexander to third
|
Batting: LHB James McCauley
|
0-0: Ball Pickoff Throw by Catcher to First - Error! E2 Justin Alexander scores Melvin Gomez to second 1-0: Called Strike 1-1: Fly out, F9 (Line Drive, 9, EV 88.1 MPH)
|
Top of the 1st over - 1 run, 1 hit, 1 error, 1 left on base; Salt Lake 1 - Nashville 0 |
BOTTOM OF THE 1ST |
Nashville Sounds batting - Pitching for Salt Lake Bees : RHP Adam Durant
|
Pitching: RHP Adam Durant
|
|
Batting: RHB Jeff Garofalo
|
0-0: Foul Ball, location: 2F 0-1: Ball 1-1: Ball 2-1: Ground out 6-3 (Groundball, 6, EV 103.8 MPH)
|
Batting: SHB Robert Santiago
|
0-0: Ball 1-0: Ball 2-0: Called Strike 2-1: Foul Ball, location: 2F 2-2: Ball 3-2: Fly out, F8 (Flyball, 8LM, EV 84.4 MPH)
|
Batting: RHB Tim Cordle
|
0-0: Ball 1-0: Called Strike 1-1: Called Strike 1-2: Foul Ball, location: 2F 1-2: Fly out, F9 (Flyball, 9S, EV 85.6 MPH)
|
Bottom of the 1st over - 0 runs, 0 hits, 0 errors, 0 left on base; Salt Lake 1 - Nashville 0 |
TOP OF THE 2ND |
Salt Lake Bees batting - Pitching for Nashville Sounds : LHP Kevin Clark
|
Batting: RHB Josh Faulconer
|
0-0: Ball 1-0: Foul Ball, location: 2F 1-1: Ball 2-1: Ball 3-1: SINGLE (Groundball, 6S, EV 63.1 MPH) (infield hit)
|
Batting: SHB Butch Brown
|
0-0: Ball 1-0: Ball 2-0: Fielders Choice at 2nd, 6-4 (Groundball, 56D, EV 103.1 MPH)
|
Batting: LHB Brett Bugge
|
0-0: Ball 1-0: Fly out, F7 (Flyball, 7D, EV 87.5 MPH)
|
Batting: LHB Larry Prey
|
0-0: Ball 1-0: Ball 2-0: Called Strike 2-1: Ground out 1-3 (Groundball, 23, EV 69.4 MPH)
|
Top of the 2nd over - 0 runs, 1 hit, 0 errors, 1 left on base; Salt Lake 1 - Nashville 0 |
BOTTOM OF THE 2ND |
Nashville Sounds batting - Pitching for Salt Lake Bees : RHP Adam Durant
|
Batting: RHB David Herrera
|
0-0: Ball 1-0: Called Strike 1-1: Ball 2-1: Foul Ball, location: 2F 2-2: Ball 3-2: Base on Balls
|
Batting: LHB Tomas Segarra
|
0-0: Ball 1-0: Swinging Strike 1-1: Ball 2-1: SINGLE (Groundball, 34D, EV 96.9 MPH) David Herrera to second Runner from 2nd tries for 3rd, SAFE, throw by RF made to third
|
Batting: RHB Wade Diamond
|
0-0: Ball 1-0: Called Strike 1-1: Ball 2-1: Foul Ball, location: 2F 2-2: Ball 3-2: Foul Ball, location: 2F 3-2: Base on Balls Tomas Segarra to second
|
Batting: RHB Robby Godwin
|
0-0: Ball 1-0: Called Strike 1-1: Ball 2-1: Foul Ball, location: 2F 2-2: SINGLE (Groundball, 56D, EV 101.9 MPH) David Herrera scores Tomas Segarra to third Wade Diamond to second
|
Batting: RHB Ryan Kinkead
|
0-0: Called Strike 0-1: Ball 1-1: Foul Ball, location: 2F 1-2: SINGLE (Line Drive, 6M, EV 101.9 MPH) Tomas Segarra scores Wade Diamond to third Robby Godwin to second
|
Batting: LHB Gregg Power
|
0-0: Called Strike 0-1: Foul Ball, location: 2F 0-2: Ball 1-2: SINGLE (Groundball, 6D, EV 98.8 MPH) Wade Diamond scores Robby Godwin to third Ryan Kinkead to second
|
Batting: RHB Jeff Garofalo
|
0-0: Called Strike 0-1: Foul Ball, location: 2F 0-2: Ball 1-2: Ball 2-2: Strikes out swinging
|
Batting: SHB Robert Santiago
|
0-0: Called Strike 0-1: Ball 1-1: Foul Ball, location: 2F 1-2: Ball 2-2: Foul Ball, location: 2F 2-2: Foul Ball, location: 2F 2-2: Fielders Choice at 2nd, 5-4 (Groundball, 56, EV 101.9 MPH) Robby Godwin scores Ryan Kinkead to third
|
Batting: RHB Tim Cordle
|
0-0: Called Strike 0-1: Ball 1-1: Fly out, F9 (Flyball, 9LD, EV 87.5 MPH)
|
Bottom of the 2nd over - 4 runs, 4 hits, 0 errors, 2 left on base; Salt Lake 1 - Nashville 4 |
TOP OF THE 3RD |
Salt Lake Bees batting - Pitching for Nashville Sounds : LHP Kevin Clark
|
Batting: LHB Justin Alexander
|
0-0: Ball 1-0: Foul Ball, location: 2F 1-1: Foul Ball, location: 2F 1-2: Strikes out looking
|
Batting: RHB Kian-tat Chen
|
0-0: Fly out, F8 (Flyball, 8LM, EV 90.0 MPH)
|
Batting: RHB Ryan Munro
|
0-0: Ball 1-0: Foul Ball, location: 2F 1-1: Ball 2-1: Called Strike 2-2: Ball 3-2: Base on Balls
|
Batting: RHB Melvin Gomez
|
0-0: Called Strike 0-1: Fielders Choice at 2nd, 6-4 (Groundball, 6, EV 89.4 MPH)
|
Top of the 3rd over - 0 runs, 0 hits, 0 errors, 1 left on base; Salt Lake 1 - Nashville 4 |
BOTTOM OF THE 3RD |
Nashville Sounds batting - Pitching for Salt Lake Bees : RHP Adam Durant
|
Batting: RHB David Herrera
|
0-0: Ball 1-0: Called Strike 1-1: Ball 2-1: Foul Ball, location: 2F 2-2: Foul Ball, location: 2F 2-2: Ball 3-2: Foul Ball, location: 2F 3-2: Foul Ball, location: 2F 3-2: Base on Balls
|
Batting: LHB Tomas Segarra
|
0-0: Foul Ball, location: 2F 0-1: Foul Ball, location: 2F 0-2: Ball 1-2: Ball 2-2: Ball 3-2: Ground out 4-3 (Groundball, 34, EV 84.4 MPH) David Herrera to second
|
Batting: RHB Wade Diamond
|
0-0: Ball 1-0: Called Strike 1-1: SINGLE (Groundball, 56D, EV 100.0 MPH) David Herrera to third
|
Batting: RHB Robby Godwin
|
0-0: Ball 1-0: Ball 2-0: Ball 3-0: Called Strike 3-1: Fly out, F7 (Flyball, 7LS, EV 86.2 MPH)
|
Batting: RHB Ryan Kinkead
|
0-0: Called Strike Wade Diamond is caught stealing 2nd base 2-4
|
Bottom of the 3rd over - 0 runs, 1 hit, 0 errors, 1 left on base; Salt Lake 1 - Nashville 4 |
TOP OF THE 4TH |
Salt Lake Bees batting - Pitching for Nashville Sounds : LHP Kevin Clark
|
Batting: LHB James McCauley
|
0-0: Called Strike 0-1: Ball 1-1: Fly out, F8 (Line Drive, 8RM, EV 98.8 MPH)
|
Batting: RHB Josh Faulconer
|
0-0: Ball 1-0: Called Strike 1-1: Ground out 6-3 (Groundball, 56, EV 83.8 MPH)
|
Batting: SHB Butch Brown
|
0-0: Swinging Strike 0-1: Ball 1-1: Ball 2-1: Foul Ball, location: 2F 2-2: Strikes out swinging
|
Top of the 4th over - 0 runs, 0 hits, 0 errors, 0 left on base; Salt Lake 1 - Nashville 4 |
BOTTOM OF THE 4TH |
Nashville Sounds batting - Pitching for Salt Lake Bees : RHP Adam Durant
|
Batting: RHB Ryan Kinkead
|
0-0: Foul Ball, location: 2F 0-1: Foul Ball, location: 2F 0-2: Ball 1-2: Ball 2-2: Ball 3-2: Foul Ball, location: 2F 3-2: SINGLE (Line Drive, 9S, EV 103.1 MPH)
|
Batting: LHB Gregg Power
|
0-0: Called Strike 0-1: Foul Ball, location: 2F 0-2: Ball 1-2: SINGLE (Groundball, 34D, EV 103.8 MPH) Ryan Kinkead to second Runner from 2nd tries for 3rd, SAFE, throw by RF made to third
|
Pinch Runner at 3rd Eduardo Chavez:
|
|
Batting: RHB Jeff Garofalo
|
0-0: Called Strike 0-1: Fly out, F9 (Flyball, 9LSF, EV 86.9 MPH)
|
Batting: SHB Robert Santiago
|
0-0: Ball 1-0: Swinging Strike 1-1: Ball 2-1: Ball 3-1: Base on Balls Gregg Power to second
|
Pitching: RHP George Rosario
|
|
Batting: RHB Tim Cordle
|
0-0: Called Strike 0-1: Ball 1-1: Swinging Strike 1-2: Strikes out looking
|
Batting: RHB David Herrera
|
0-0: Ball 1-0: Called Strike 1-1: Fly out, F3 (Popup, 3SF, EV 75.0 MPH)
|
Bottom of the 4th over - 0 runs, 2 hits, 0 errors, 3 left on base; Salt Lake 1 - Nashville 4 |
TOP OF THE 5TH |
Salt Lake Bees batting - Pitching for Nashville Sounds : LHP Kevin Clark
|
Now at 2B: Eduardo Chavez
|
|
Batting: LHB Brett Bugge
|
0-0: Foul Ball, location: 2F 0-1: Fly out, F9 (Flyball, 89M, EV 96.9 MPH)
|
Batting: LHB Larry Prey
|
0-0: Ball 1-0: Called Strike 1-1: Ball 2-1: Ground out 1-3 (Groundball, 34S, EV 75.0 MPH)
|
Batting: LHB Justin Alexander
|
0-0: Swinging Strike 0-1: SINGLE (Flyball, 8RS, EV 92.5 MPH)
|
Batting: RHB Kian-tat Chen
|
0-0: Ball Justin Alexander steals 2nd base 1-0: Ball 2-0: Ball Wild Pitch! Justin Alexander to third 3-0: Base on Balls
|
Batting: RHB Ryan Munro
|
0-0: Ball 1-0: Called Strike 1-1: Ball 2-1: SINGLE (Flyball, 6D, EV 94.4 MPH) Justin Alexander scores Kian-tat Chen to second
|
Batting: RHB Melvin Gomez
|
0-0: Ball 1-0: Swinging Strike 1-1: Ball 2-1: Ball 3-1: Foul Ball, location: 2F 3-2: Foul Ball, location: 2F 3-2: Base on Balls Kian-tat Chen to third Ryan Munro to second
|
Batting: LHB James McCauley
|
0-0: Ball 1-0: Ball 2-0: Foul Ball, location: 2F 2-1: Foul Ball, location: 2F 2-2: Ball 3-2: Base on Balls Kian-tat Chen scores Ryan Munro to third Melvin Gomez to second
|
Batting: RHB Josh Faulconer
|
0-0: Called Strike 0-1: Called Strike 0-2: Foul Ball, location: 2F 0-2: Fly out, F8 (Flyball, 8RD, EV 94.4 MPH)
|
Top of the 5th over - 2 runs, 2 hits, 0 errors, 3 left on base; Salt Lake 3 - Nashville 4 |
BOTTOM OF THE 5TH |
Nashville Sounds batting - Pitching for Salt Lake Bees : RHP George Rosario
|
Batting: LHB Tomas Segarra
|
0-0: Ball 1-0: Foul Ball, location: 2F 1-1: Ball 2-1: Called Strike 2-2: Ball 3-2: Reached on error, E4 (Groundball, 4S, EV 80.0 MPH)
|
Batting: RHB Wade Diamond
|
0-0: Ball 1-0: SINGLE (Groundball, 25, EV 61.2 MPH) (infield hit) Tomas Segarra to second
|
Batting: RHB Robby Godwin
|
0-0: Ball 1-0: Ball 2-0: DOUBLE (Line Drive, 89XD, EV 105.6 MPH) Tomas Segarra scores Wade Diamond to third Runner from 3rd tries for Home, SAFE, throw by RF to trailing runner, OUT at third! 9-3-5
|
Batting: RHB Eduardo Chavez
|
0-0: Called Strike 0-1: Ground out 6-3 (Groundball, 6, EV 103.8 MPH)
|
Batting: LHB Gregg Power
|
0-0: Called Strike 0-1: Ball 1-1: Foul Ball, location: 2F 1-2: TRIPLE (Line Drive, 89XD, EV 101.2 MPH)
|
Batting: RHB Jeff Garofalo
|
0-0: Ball 1-0: Called Strike 1-1: Foul Ball, location: 2F 1-2: Ball 2-2: Ball 3-2: Strikes out swinging
|
Bottom of the 5th over - 2 runs, 3 hits, 1 error, 1 left on base; Salt Lake 3 - Nashville 6 |
TOP OF THE 6TH |
Salt Lake Bees batting - Pitching for Nashville Sounds : LHP Kevin Clark
|
Batting: SHB Butch Brown
|
0-0: Ball 1-0: Swinging Strike 1-1: Foul Ball, location: 2F 1-2: Foul Ball, location: 2F 1-2: Foul Ball, location: 2F 1-2: Ground out 3-1 (Groundball, 34, EV 85.6 MPH)
|
Batting: LHB Brett Bugge
|
0-0: Ball 1-0: Ground out 4-3 (Groundball, 4D, EV 98.8 MPH)
|
Batting: LHB Larry Prey
|
0-0: DOUBLE (Line Drive, 9LM, EV 92.5 MPH)
|
Batting: LHB Justin Alexander
|
0-0: Fly out, F6 (Line Drive, 6M, EV 74.4 MPH)
|
Top of the 6th over - 0 runs, 1 hit, 0 errors, 1 left on base; Salt Lake 3 - Nashville 6 |
BOTTOM OF THE 6TH |
Nashville Sounds batting - Pitching for Salt Lake Bees : RHP George Rosario
|
Batting: SHB Robert Santiago
|
0-0: Ball 1-0: Called Strike 1-1: Swinging Strike 1-2: Ball 2-2: Ball 3-2: Base on Balls
|
Pitching: RHP Jake Bruen
|
|
Batting: RHB Tim Cordle
|
0-0: Called Strike 0-1: Ball 1-1: Ball 2-1: Fly out, F9 (Flyball, 9D, EV 100.0 MPH)
|
Batting: RHB David Herrera
|
0-0: Ball Robert Santiago steals 2nd base 1-0: Called Strike 1-1: SINGLE (Line Drive, 7LS, EV 109.4 MPH) Robert Santiago to third
|
Batting: LHB Tomas Segarra
|
0-0: Foul Ball, location: 2F 0-1: 3-RUN HOME RUN (Line Drive, 9LD, EV 96.2 MPH), Distance : 365 ft
|
Batting: RHB Wade Diamond
|
0-0: Ball 1-0: Foul Ball, location: 2F 1-1: Called Strike 1-2: Strikes out swinging
|
Batting: RHB Robby Godwin
|
0-0: Ball 1-0: Called Strike 1-1: SINGLE (Groundball, 56D, EV 101.9 MPH)
|
Batting: RHB Eduardo Chavez
|
0-0: Foul Ball, location: 2F 0-1: Ball 1-1: Foul Ball, location: 2F 1-2: Foul Ball, location: 2F 1-2: Reached on error, E6 (Groundball, 6, EV 104.4 MPH) Robby Godwin to second
|
Batting: LHB Gregg Power
|
0-0: Called Strike 0-1: Foul Ball, location: 2F 0-2: Ground out 5-3 (Groundball, 56S, EV 88.8 MPH)
|
Bottom of the 6th over - 3 runs, 3 hits, 1 error, 2 left on base; Salt Lake 3 - Nashville 9 |
TOP OF THE 7TH |
Salt Lake Bees batting - Pitching for Nashville Sounds : LHP Kevin Clark
|
Batting: RHB Kian-tat Chen
|
0-0: Foul Ball, location: 2F 0-1: Ground out 6-3 (Groundball, 6, EV 93.1 MPH)
|
Pitching: RHP Ben Voorhees
|
|
Batting: RHB Ryan Munro
|
0-0: Ball 1-0: Foul Ball, location: 2F 1-1: Called Strike 1-2: Foul Ball, location: 2F 1-2: Strikes out swinging
|
Batting: RHB Melvin Gomez
|
0-0: Foul Ball, location: 2F 0-1: Ball 1-1: Ball 2-1: Called Strike 2-2: Foul Ball, location: 2F 2-2: Fly out, F8 (Line Drive, 8LM, EV 90.0 MPH)
|
Top of the 7th over - 0 runs, 0 hits, 0 errors, 0 left on base; Salt Lake 3 - Nashville 9 |
BOTTOM OF THE 7TH |
Nashville Sounds batting - Pitching for Salt Lake Bees : RHP Jake Bruen
|
Batting: RHB Jeff Garofalo
|
0-0: Ball 1-0: Foul Ball, location: 2F 1-1: Swinging Strike 1-2: Strikes out swinging
|
Batting: SHB Robert Santiago
|
0-0: Called Strike 0-1: Ball 1-1: Ball 2-1: Foul Ball, location: 2F 2-2: Ball 3-2: Base on Balls
|
Pitching: RHP Andrew Tipton
|
|
Batting: RHB Tim Cordle
|
0-0: Ball 1-0: Swinging Strike 1-1: Called Strike 1-2: Foul Ball, location: 2F 1-2: Strikes out looking Robert Santiago is caught stealing 2nd base 2-4 Batter strikes out.
|
Bottom of the 7th over - 0 runs, 0 hits, 0 errors, 0 left on base; Salt Lake 3 - Nashville 9 |
TOP OF THE 8TH |
Salt Lake Bees batting - Pitching for Nashville Sounds : RHP Ben Voorhees
|
Batting: LHB James McCauley
|
0-0: Ground out 6-3 (Groundball, 6M, EV 110.0 MPH)
|
Batting: RHB Josh Faulconer
|
0-0: Ball 1-0: Foul Ball, location: 2F 1-1: Foul Ball, location: 2F 1-2: Ball 2-2: Ground out 5-3 (Groundball, 56, EV 85.6 MPH)
|
Batting: SHB Butch Brown
|
0-0: Ball 1-0: Called Strike 1-1: Ball 2-1: Ball 3-1: Foul Ball, location: 2F 3-2: Base on Balls
|
Batting: LHB Brett Bugge
|
0-0: Called Strike 0-1: Ball 1-1: Ball 2-1: Fly out, F9 (Flyball, 9, EV 90.0 MPH)
|
Top of the 8th over - 0 runs, 0 hits, 0 errors, 1 left on base; Salt Lake 3 - Nashville 9 |
BOTTOM OF THE 8TH |
Nashville Sounds batting - Pitching for Salt Lake Bees : RHP Andrew Tipton
|
Batting: RHB David Herrera
|
0-0: Called Strike 0-1: DOUBLE (Line Drive, 8LD, EV 87.5 MPH)
|
Batting: LHB Tomas Segarra
|
0-0: Ball 1-0: Ground out 6-3 (Groundball, 6, EV 101.2 MPH)
|
Batting: RHB Wade Diamond
|
0-0: Foul Ball, location: 2F 0-1: Ball 1-1: Called Strike 1-2: Ground out 3-1 (Groundball, 34S, EV 91.2 MPH) David Herrera to third
|
Batting: RHB Robby Godwin
|
0-0: Fly out, F7 (Line Drive, 7S, EV 102.5 MPH)
|
Bottom of the 8th over - 0 runs, 1 hit, 0 errors, 1 left on base; Salt Lake 3 - Nashville 9 |
TOP OF THE 9TH |
Salt Lake Bees batting - Pitching for Nashville Sounds : RHP Ben Voorhees
|
Batting: LHB Larry Prey
|
0-0: Swinging Strike 0-1: Ball 1-1: Ball 2-1: Ground out 4-3 (Groundball, 4, EV 109.4 MPH)
|
Batting: LHB Justin Alexander
|
0-0: Called Strike 0-1: Ball 1-1: Foul Ball, location: 2F 1-2: Ball 2-2: Foul Ball, location: 2F 2-2: Strikes out swinging
|
Batting: RHB Kian-tat Chen
|
0-0: Ball 1-0: Foul Ball, location: 2F 1-1: Foul Ball, location: 2F 1-2: Ball 2-2: Strikes out swinging
|
Top of the 9th over - 0 runs, 0 hits, 0 errors, 0 left on base; Salt Lake 3 - Nashville 9 |
|